 Dungeon Crawl Stone Soup version 0.16.0-17-g811c1d7 (console) character file.

1703 Kellhus the Nimble (level 8, 0/62 HPs)
             Began as a Vampire Venom Mage on Mar 22, 2015.
             Succumbed to a kobold's poison
             ... on level 6 of the Dungeon.
             The game lasted 00:13:08 (8354 turns).

Kellhus the Nimble (Vampire Venom Mage)             Turns: 8354, Time: 00:13:09

Health: 0/62       AC:  4    Str:  7    XL:     8   Next: 73%
Magic:  10/13      EV: 19    Int: 17    God:
Gold:   300        SH:  0    Dex: 16    Spells: 1 memorised, 10 levels left

rFire  . . .     SeeInvis +     a - +1 trident
rCold  . . .     Clarity  .     r - +0 robe
rNeg   + . .     SustAb   .     (no shield)
rPois  .         Gourm    .     j - +1 helmet
rElec  .         Spirit   .     (no cloak)
rCorr  .         Warding  .     (no gloves)
rMut   .         Stasis   .     (no boots)
MR     +....                    c - amulet of faith
Stlth  ++........               g - ring of protection from magic
                                f - ring of loudness (curse)

@: lethally poisoned (0 -> -1), somewhat resistant to hostile enchantments,
unstealthy
A: bottle blood, fangs 3, see invisible, unbreathing
a: Bat Form


You were on level 6 of the Dungeon.
You were not thirsty.

You visited 1 branch of the dungeon, and saw 6 of its levels.

You collected 300 gold pieces.

Inventory:

Hand weapons
 a - a +1 trident (weapon)
 i - a +0 spear
 k - a +1 dagger of speed
 s - a cursed +0 dagger of draining
 u - a +2 falchion
Armour
 j - a +1 helmet (worn)
 r - a +0 robe (worn)
Jewellery
 c - an amulet of faith (around neck)
 f - a cursed ring of loudness (left hand)
 g - a ring of protection from magic (right hand)
 p - a +3 ring of evasion {unknown}
Magical devices
 n - a wand of flame (15)
Scrolls
 d - a scroll of noise
 e - 2 scrolls of identify
 h - 2 scrolls of enchant armour
 l - 2 scrolls of recharging
 t - a scroll of magic mapping
Potions
 m - 2 potions of cure mutation
 o - a potion of restore abilities
 q - 3 potions of haste
Books
 b - a Young Poisoner's Handbook

   Spells                             Type                      Level
   a - Sting                          Conjuration/Poison           1
   b - Cure Poison                    Poison                       2
   c - Mephitic Cloud                 Conjuration/Poison/Air       3
   d - Olgreb's Toxic Radiance        Poison                       4
   e - Venom Bolt                     Conjuration/Poison           5


   Skills:
 - Level 5.3 Fighting
 + Level 9.7 Dodging
 - Level 3.0 Stealth
 - Level 2.0 Spellcasting
 - Level 5.0 Poison Magic


You had 10 spell levels left.
You knew the following spells:

 Your Spells              Type           Power        Failure   Level  Hunger
a - Sting                 Conj/Pois      ##..         10%         1    #......


Dungeon Overview and Level Annotations

Branches:
Dungeon (6/15)
 Temple: D:4-7

Altars:
Ashenzari
Cheibriados
Kikubaaqudgha
Nemelex Xobeh
Sif Muna


Innate Abilities, Weirdness & Mutations

You can bottle blood from corpses.
You have razor-sharp teeth.
You have supernaturally acute eyesight.
You can survive without breathing.


Message History

Okay, then.
* * * LOW HITPOINT WARNING * * *
You feel sick.
Things that are here:
4 stones; 16 gold pieces; a kobold corpse
* * * LOW HITPOINT WARNING * * *
You feel sick.
Items here: ( ))) †† You see here a club.
* * * LOW HITPOINT WARNING * * *
You feel sick.
You see here a stone.
* * * LOW HITPOINT WARNING * * *
You feel sick.
* * * LOW HITPOINT WARNING * * *
You feel sick.
* * * LOW HITPOINT WARNING * * *
You feel sick.
You see here 2 stones.
You die...

# #.# ####### #.# #.#
#.# #.# ##### #.#
##...###### #.#
#....>....###.######
#......@..(....())(# ###
#.....###.###.####.##...
##%..## #.##......))..(#
#..#####.#.....##.##..#
###........##....##.#
..#
##....#########.#.##..
... ##.###.## #.#.####
.†# #.## ##.#
#.#.#####..# #.# #.#
##'#.........


There were no monsters in sight!

Vanquished Creatures
  Menkaure (D:4)
  A sky beast (D:6)
  A black bear (D:6)
  A necrophage (D:5)
  A phantom (D:4)
  2 ogres (D:4)
  A centaur (D:6)
  A big kobold (D:6)
  A scorpion (D:6)
  5 wights (D:6)
  A jelly (D:6)
  A quasit (D:6)
  A crimson imp (D:6)
  A centaur skeleton (D:6)
  An iguana (D:6)
  2 orc priests (D:4)
  A hound (D:5)
  2 worker ants (D:5)
  A killer bee zombie (D:5)
  A worker ant zombie (D:6)
  10 adders
  10 gnolls
  A shadow imp (D:6)
  A giant mite (D:2)
  2 worms
  4 giant geckos
  4 oozes
  7 orcs
  14 bats
  4 giant cockroaches
  11 hobgoblins
  A jackal (D:2)
  3 ball pythons
  3 giant newts
  A giant spore (D:6)
  17 goblins
  12 kobolds
  6 quokkas
  A quokka skeleton (D:6)
  12 rats
  A ballistomycete (D:6)
152 creatures vanquished.

Vanquished Creatures (others)
  A butterfly (D:5)
1 creature vanquished.

Grand Total: 153 creatures vanquished

Notes
Turn   | Place    | Note
--------------------------------------------------------------
     0 | D:1      | Kellhus, the Vampire Venom Mage, began the quest for the Orb.
     0 | D:1      | Reached XP level 1. HP: 13/13 MP: 3/3
   194 | D:1      | Reached skill level 4 in Poison Magic
   389 | D:1      | Reached XP level 2. HP: 19/19 MP: 1/4
   681 | D:1      | Reached XP level 3. HP: 17/24 MP: 0/6
  1596 | D:2      | Reached skill level 5 in Poison Magic
  1687 | D:2      | Reached XP level 4. HP: 29/31 MP: 3/7
  1747 | D:2      | Reached skill level 1 in Fighting
  2449 | D:2      | Reached XP level 5. HP: 39/39 MP: 6/9
  3383 | D:4      | Found a shattered altar of Ashenzari.
  3394 | D:4      | Found a deep blue altar of Sif Muna.
  3911 | D:4      | Noticed a phantom
  4300 | D:4      | Killed a phantom
  4300 | D:4      | Reached XP level 6. HP: 31/49 MP: 10/10
  4759 | D:4      | Noticed an ogre
  4791 | D:4      | Killed an ogre
  4791 | D:4      | Reached skill level 5 in Fighting
  5236 | D:4      | Reached XP level 7. HP: 56/56 MP: 7/12
  5359 | D:4      | Noticed Menkaure
  5374 | D:4      | Killed Menkaure
  5559 | D:4      | Found a snail-covered altar of Cheibriados.
  5591 | D:4      | Found a sparkling altar of Nemelex Xobeh.
  5844 | D:5      | Entered Level 5 of the Dungeon
  6009 | D:5      | Reached skill level 5 in Dodging
  6149 | D:5      | Found an ancient bone altar of Kikubaaqudgha.
  6367 | D:5      | Reached skill level 6 in Dodging
  6870 | D:6      | Reached XP level 8. HP: 34/62 MP: 7/13
  7068 | D:6      | Reached skill level 7 in Dodging
  7615 | D:6      | Reached skill level 8 in Dodging
  8054 | D:6      | Reached skill level 9 in Dodging
  8320 | D:6      | Paralysed by a kobold for 4 turns
  8344 | D:6      | HP: 3/62 [poisoned by a kobold]
  8349 | D:6      | HP: 1/62 [poisoned by a kobold]
  8354 | D:6      | Succumbed to a kobold's poison

Action                   |  1- 3 |  4- 6 |  7- 9 || total
-------------------------+-------+-------+-------++-------
Melee: Unarmed           |    18 |       |       ||    18
       Spear             |       |    22 |       ||    22
       Trident           |       |    55 |   181 ||   236
 Cast: Sting             |    73 |   159 |    81 ||   313
  Use: Potion            |     2 |     1 |     1 ||     4
       Scroll            |       |     8 |     5 ||    13
 Stab: Sleeping          |       |     1 |       ||     1
  Eat: Corpse            |    13 |    17 |    12 ||    42
